 Dungeon Crawl Stone Soup version 0.23.2-1-ga50397a (webtiles) character file.

Game seed: 15298779721860427055

42 myga the Caller (level 3, 0/19 HPs)
             Began as a Kobold Summoner on Apr 14, 2019.
             Slain by a bat (1 damage)
             ... on level 2 of the Dungeon.
             The game lasted 00:07:41 (1910 turns).

myga the Caller (Kobold Summoner)                   Turns: 1910, Time: 00:07:42

Health: 0/19       AC:  2    Str:  5    XL:     3   Next: 80%
Magic:  4/6        EV: 16    Int: 16    God:
Gold:   33         SH:  0    Dex: 16    Spells: 4/7 levels left

rFire    . . .     SeeInvis .   n - +0 dagger
rCold    . . .     Gourm    .   (shield restricted)
rNeg     . . .     Faith    .   a - +0 robe
rPois    .         Spirit   .   (no helmet)
rElec    .         Reflect  .   (no cloak)
rCorr    .         Harm     +   (no gloves)
MR       .....                  (no boots)
Stlth    ++........             o - amulet of harm
HPRegen  0.06/turn              (no ring)
MPRegen  0.10/turn              (no ring)

@: very slightly contaminated, invisible
A: small, carnivore
a: no special abilities


You were on level 2 of the Dungeon.
You were very full.

You visited 1 branch of the dungeon, and saw 2 of its levels.

You collected 33 gold pieces.

Inventory:

Hand Weapons
 n - a +0 dagger (weapon)
Missiles
 b - 28 arrows
 f - 59 bolts
 m - 66 stones (quivered)
 r - 17 sling bullets
Armour
 a - a +0 robe (worn)
Jewellery
 o - an amulet of harm (around neck)
Scrolls
 d - a scroll of enchant armour {unknown}
 e - 2 scrolls of remove curse
 h - 2 scrolls of teleportation
 j - a scroll of identify {unknown}
Potions
 l - a potion of brilliance {unknown}
 p - a potion of heal wounds {unknown}
Comestibles
 c - 2 rations
 q - 5 chunks of flesh


   Skills:
 + Level 0.5 Short Blades
 + Level 2.8 Dodging
 + Level 3.4 Stealth
 + Level 0.2 Unarmed Combat
 + Level 2.6 Spellcasting
 + Level 4.4 Summonings


You had 4 spell levels left.
You knew the following spells:

 Your Spells              Type           Power        Failure   Level  Hunger
a - Summon Small Mammal   Summ           ###.         3%          1    #......
b - Call Imp              Summ           ###.....     4%          2    ##.....

Your spell library contained the following spells:

 Spells                   Type           Power        Failure   Level  Hunger
 Call Canine Familiar     Summ           ###.....     10%         3    ###....
 Summon Guardian Golem    Hex/Summ       #.......     24%         3    ###....
 Summon Ice Beast         Ice/Summ       #.......     61%         4    #####..
 Summon Lightning Spire   Summ/Air       #.......     61%         4    #####..


Dungeon Overview and Level Annotations

Branches:
Dungeon (2/15)

Altars:


Innate Abilities, Weirdness & Mutations

You are small and have problems with some larger weapons.
You are carnivorous and can eat meat at any time.


Message History

Something hits your crimson imp. The jackal barely misses you.
You are very lightly contaminated with residual magic.
Things that are here:
a +0 whip; a kobold corpse The jackal bites you but does no damage.
A leopard gecko comes into view.
The jackal closely misses you.
The leopard gecko moves out of view.
A jackal comes into view.
The bat closely misses you. The bat barely misses you.
The bat closely misses you. The bat completely misses you. The bat hits you.
* * * LOW HITPOINT WARNING * * *
Casting: Call Imp (safe; 4% risk of failure)
Confirm with . or Enter, or press ? or * to list all spells.
A beastly little devil appears in a puff of flame.
The jackal barks! x3; The leopard gecko hisses angrily.
You hear a shout!
The bat hits you.
You die...

#############
##...<.#.....##
##.............##
#...).........[.#
####..@)...........#
#.....b............#
#.#)5..............#
#. #........).......#
#..l................##
.......h#...........##
#.=.....h.#####h######
. ...<..... #.#
......... #)#


You could see a leopard gecko (wandering), 3 jackals, a bat and a friendly
crimson imp.

Vanquished Creatures
  A dart slug (D:1)
  A ball python (D:1)
  2 hobgoblins (D:1)
  A jackal (D:2)
  3 bats
  2 frilled lizards
  3 goblins (D:1)
  6 kobolds
  3 rats (D:1)
22 creatures vanquished.

Vanquished Creatures (collateral kills)
  An adder (D:2)
  A dart slug (D:2)
  3 leopard geckos (D:2)
  2 giant cockroaches
  4 hobgoblins
  A bat (D:1)
  A frilled lizard (D:1)
  3 goblins (D:2)
16 creatures vanquished.

Grand Total: 38 creatures vanquished

Notes
Turn   | Place    | Note
-------+----------+-------------------------------------------
     0 | D:1      | myga the Kobold Summoner began the quest for the Orb.
     0 | D:1      | Reached XP level 1. HP: 10/10 MP: 3/3
  1082 | D:1      | Reached XP level 2. HP: 15/15 MP: 5/5
  1143 | D:1      | Learned a level 2 spell: Call Imp
  1559 | D:1      | Reached XP level 3. HP: 18/19 MP: 4/6
  1910 | D:2      | Slain by a bat

Skill      XL: |  1  2 |
---------------+-------+-----
Stealth        | 3 |  3.4
Short Blades   | |  0.5
Dodging        | |  2.8
Unarmed Combat | |  0.2
Spellcasting   | |  2.6
Summonings     | |  4.4

Action                   || total
-------------------------++-------
Melee: Unarmed           ||    53
       Club              ||     5
       Short sword       ||    21
       Dagger            ||    85
Throw: Stone             ||     1
 Cast: Summon Small Mamm ||    17
       Call Imp          ||     5
  Use: Potion            ||     3
       Scroll            ||     2
 Stab: Sleeping          ||     8
  Eat: Chunk             ||    11
Armor: Robe              ||    26
Dodge: Dodged            ||   137
